AoeStats
← Tom Bombadil's Chode

Arabian Desert

509900895Analyzed
1v1 RM · 4d ago on Sep 28, 2026· 41m 52s· 2 players
Game mode
Random Map
Map size
Tiny (2 player)
Population
200
Speed
Normal
Resources
Standard
Victory
Conquest
Starting age
Dark Age
Ending age
Imperial Age
RankedLock teamsTeams togetherTeam positionsShared explorationLock speedFull tech treeHidden civsTurbo modeCheats
Victory
Defeat
🇬🇧 Berbers · United Kingdom
1440
+15
🇸🇬 Franks · Singapore
1429
-15
GG
5:52 Loom
8:52 Feudal Age
9:25 Double-Bit Axe
19:41 Castle Age
21:23 Bow Saw
22:42 Husbandry
22:53 Pikeman
26:40 Scale Mail Armor
28:32 Chain Mail Armor
28:58 Wheelbarrow
28:10 Town Watch
29:07 Fletching
29:17 Padded Archer Armor
30:16 Bodkin Arrow
34:34 Imperial Age
34:45 Leather Archer Armor
33:52 Ordonnance Companies
36:23 Chemistry
35:43 Ballistics
39:34 Light Cavalry
40:20 Scale Barding Armor
40:26 Forging
41:27 Chain Barding Armor
40:46 Cavalier
43:00 Iron Casting
Tom Bombadil's Chode
5:40 Loom
9:15 Feudal Age
9:41 Double-Bit Axe
20:14 Castle Age
18:19 Horse Collar
19:08 Bloodlines
19:19 Forging
21:12 Husbandry
25:58 Iron Casting
26:09 Gold Mining
26:58 Bow Saw
29:03 Wheelbarrow
28:53 Scale Barding Armor
29:28 Ballistics
29:54 Chain Barding Armor
34:57 Imperial Age
32:14 Town Watch
34:00 Hand Cart
34:08 Fletching
34:23 Padded Archer Armor
34:59 Bodkin Arrow
35:14 Thumb Ring
36:40 Chemistry
35:57 Masonry
36:14 Bracer
38:36 Siege Engineers
38:33 Heavy Cavalry Archer
40:10 Heavy Scorpion
Connection lost

Rejoining the realm…

Still unreachable

The connection could not be restored.

Session expired

The server has moved on; the page needs a fresh start.